 Dungeon Crawl Stone Soup version 0.17-a0-2073-gde5cdba (webtiles) character file.

8327 brucemayne the Cleaver (level 11, -1/121 HPs)
             Began as a Demonspawn Berserker on Oct 14, 2015.
             Was an Elder of Trog.
             Shot with a bolt by an orc knight (13 damage)
             ... on level 4 of the Orcish Mines.
             The game lasted 00:18:25 (3208 turns).

brucemayne the Cleaver (Demonspawn Berserker)       Turns: 3208, Time: 00:18:25

Health: -1/121     AC: 25    Str: 21    XL:     11   Next: 8%
Magic:  11/11      EV:  2    Int:  9    God:    Trog [****..]
Gold:   715        SH:  0    Dex: 12    Spells: 0 memorised, 10 levels left

rFire  . . .     SeeInvis .     o - +0 war axe (flame)
rCold  . . .     Clarity  .     (armour currently unavailable)
rNeg   + + +     SustAt   .     (no shield)
rPois  +         Gourm    .     (helmet unavailable)
rElec  .         Spirit   .     (cloak currently unavailable)
rCorr  .         Warding  .     (gloves currently unavailable)
rMut   .         NoTele   +     (boots currently unavailable)
MR     .....                    u - amulet of regeneration
Stlth  +.........               (no ring)
                                (no ring)

@: exhausted, tree-form, slowed, very slow, not resistant to hostile
enchantments, very unstealthy
A: (claws 0), (hooves 0), (horns 0), demonic guardian 1
a: Burn Spellbooks, Berserk, Trog's Hand, Brothers in Arms, Renounce Religion


You were on level 4 of the Orcish Mines.
You worshipped Trog.
Trog was greatly pleased with you.
You were near starving.
You were a tree.
You visited 2 branches of the dungeon, and saw 15 of its levels.

You collected 715 gold pieces.

Inventory:

Hand Weapons
 a - a +0 hand axe
 e - a +0 dagger of flaming
 o - a +0 war axe of flaming (weapon)
 s - a +0 whip of venom
 t - a +0 war axe
 x - a +2 dagger of venom
 y - a +1 flail of protection
Missiles
 r - 13 tomahawks (quivered)
 v - 15 poisoned needles
Armour
 b - a +0 animal skin
 f - a +0 ring mail
 j - a +0 buckler
 l - a +1 chain mail
 w - a +0 plate armour (melded)
 B - a +1 scale mail of positive energy
Jewellery
 u - an amulet of regeneration (around neck)
Wands
 g - a wand of digging (3)
 m - a wand of confusion (5)
 q - a wand of disintegration (9)
Scrolls
 h - a scroll of enchant armour
 i - a scroll of blinking {unknown}
 k - a scroll of remove curse {unknown}
Potions
 d - a potion of lignification
 n - a potion of agility {unknown}
 z - a potion of curing {unknown}
Comestibles
 c - 3 bread rations
 p - a meat ration
 A - 2 chunks of flesh


   Skills:
 - Level 6.0 Fighting
 + Level 13.9 Axes
 - Level 5.0 Armour
 - Level 1.7 Dodging


You had 10 spell levels left.
You didn't know any spells.

Dungeon Overview and Level Annotations

Branches:
Dungeon (11/15)              Lair (0/8) D:9             Orc (4/4) D:11
 Temple: D:4-7          Elf: Orc:3-4

Altars:
Dithmenos
Makhleb
Sif Muna
The Shining One
Beogh

Shops:
D:8 (=[   D:9 :


Innate Abilities, Weirdness & Mutations

((You have very sharp fingernails.))
((You have hoof-like feet.))
((You have a pair of large horns on your head.))
A weak demonic guardian rushes to your aid.


Message History

Your quasit closely misses the orc warrior.
The orc hits you but does no damage.
Your quasit closely misses the orc warrior.
Your quasit claws the orc warrior but does no damage.
Your quasit closely misses the orc warrior.
The orc warrior hits you but does no damage.
The orc hits you but does no damage.
Unknown command.
Unknown command.
You hit the orc warrior but do no damage.
The orc warrior is lightly wounded.
You hit the orc but do no damage. You slash the orc! You burn the orc.
You kill the orc!
Trog accepts your kill.
The orc knight roars a battlecry!
The orc goes into a battle-frenzy!
The orc knight unwields an uncursed long sword of electrocution.
It stops crackling.
The orc knight wields an arbalest.
The orc knight shoots a bolt.
The bolt hits you!
You die...

.............................
.......))..........#.........
.......#(#(.).).....#########
.......##.....#)o..##
........##....##..##
.......###...##....# .......#
##.###...## ...#...#
##.#.o).## ### #.###.##
##.##.♣o.####.#### ### ###
##..#.(5...##.....#
##.................##
..#.......#.........# ## #
.........###........###.#
............##....#....##.#
.........(..#...<##.....##.
.....#......#....##.....#..
....#..........#.#........


You could see an orc knight, an orc warrior (frenzied), an orc (frenzied) and a
friendly quasit.

Vanquished Creatures
  The ghost of Yermak the Covert, a journeyman OpAs of Makhleb (Orc:2)
  Nergalle (D:10)
  2 orc knights (Orc:4)
  A komodo dragon (D:9)
  5 trolls
  Grinder (D:6)
  A blink frog (D:9)
  2 wyverns
  A yak (D:8)
  A deep elf mage (D:8)
  A water elemental (D:11)
  4 wargs
  6 orc warriors
  2 ogres
  A necrophage (D:8)
  2 centaurs
  2 crocodiles (D:9)
  2 giant frogs
  3 scorpions
  3 killer bees (D:9)
  The ghost of SlimeFever the Firebug, a weakling DsFE (D:3)
  A centaur zombie (D:9)
  A gnoll shaman (Orc:4)
  A giant frog zombie (D:10)
  5 hounds
  8 orc priests
  A centaur skeleton (D:7)
  A giant frog skeleton (D:9)
  An iguana (D:9)
  10 orc wizards
  A worker ant (D:7)
  A hound zombie (D:6)
  4 adders
  3 gnolls (Orc:4)
  An ooze (D:1)
  A worm (D:2)
  4 giant geckos
  92 orcs
  3 bats (D:1)
  4 giant cockroaches
  3 goblins
  2 hobgoblins (D:1)
  3 jackals (D:9)
  4 kobolds (D:1)
  3 giant newts
  A quokka (D:2)
  2 rats (D:1)
204 creatures vanquished.

Vanquished Creatures (collateral kills)
  An orc knight (Orc:4)
  A centaur zombie (D:11)
  A warg (Orc:4)
  An orc warrior (Orc:4)
  3 orcs
7 creatures vanquished.

Grand Total: 211 creatures vanquished

Notes
Turn   | Place    | Note
--------------------------------------------------------------
     0 | D:1      | brucemayne the Demonspawn Berserker began the quest for the Orb.
     0 | D:1      | Reached XP level 1. HP: 18/18 MP: 1/1
   114 | D:1      | Gained mutation: You have a pair of small horns on your head. [demonic ancestry]
   114 | D:1      | Reached XP level 2. HP: 18/24 MP: 2/2
   361 | D:2      | Gained mutation: You have sharp fingernails. [demonic ancestry]
   361 | D:2      | Reached XP level 3. HP: 9/29 MP: 3/3
   647 | D:2      | Reached ** piety under Trog
   647 | D:2      | Reached skill level 4 in Axes
   738 | D:3      | Noticed SlimeFever's ghost (weakling DsFE)
   767 | D:3      | Killed SlimeFever's ghost
   767 | D:3      | Reached XP level 4. HP: 35/35 MP: 4/4
   829 | D:4      | Reached skill level 5 in Axes
   886 | D:4      | Noticed an ogre
   892 | D:4      | Killed an ogre
   892 | D:4      | Gained mutation: You have a pair of horns on your head. [demonic ancestry]
   892 | D:4      | Reached XP level 5. HP: 9/41 MP: 5/5
   934 | D:5      | Entered Level 5 of the Dungeon
   951 | D:5      | Found a glowing golden altar of the Shining One.
  1029 | D:6      | Noticed a centaur
  1035 | D:6      | Killed a centaur
  1035 | D:6      | Reached skill level 6 in Axes
  1035 | D:6      | Gained mutation: You have a pair of large horns on your head. [demonic ancestry]
  1035 | D:6      | Reached XP level 6. HP: 37/47 MP: 6/6
  1188 | D:7      | Reached skill level 7 in Axes
  1256 | D:8      | Reached XP level 7. HP: 15/52 MP: 7/7
  1332 | D:9      | Noticed a deep elf mage
  1332 | D:9      | Noticed a yak
  1332 | D:9      | Noticed a yak
  1332 | D:9      | Noticed a yak
  1332 | D:9      | Noticed a yak
  1332 | D:9      | Noticed a yak
  1332 | D:9      | Noticed a yak
  1345 | D:8      | Killed a yak
  1345 | D:8      | Reached skill level 8 in Axes
  1349 | D:8      | Killed a deep elf mage
  1381 | D:8      | Reached skill level 9 in Axes
  1381 | D:8      | Gained mutation: You have large cloven feet. [demonic ancestry]
  1381 | D:8      | Reached XP level 8. HP: 36/58 MP: 8/8
  1390 | D:8      | Found a deep blue altar of Sif Muna.
  1410 | D:8      | Found Ruoplag's Antique Weapon Emporium.
  1448 | D:8      | Found Jikien Zafo's Antique Armour Boutique.
  1482 | D:6      | Noticed Grinder
  1502 | D:6      | Killed Grinder
  1563 | D:8      | Found Uski's Jewellery Emporium.
  1650 | D:8      | Found a shadowy altar of Dithmenos.
  1676 | D:9      | Reached skill level 10 in Axes
  1762 | D:9      | Noticed a blink frog
  1797 | D:9      | Killed a blink frog
  1826 | D:9      | Found a burning altar of Makhleb.
  1826 | D:9      | Noticed an Executioner
  1829 | D:9      | Noticed a komodo dragon
  1830 | D:9      | Found a staircase to the Lair.
  1848 | D:9      | Killed a komodo dragon
  1848 | D:9      | Reached skill level 11 in Axes
  1848 | D:9      | Gained mutation: A weak demonic guardian rushes to your aid. [demonic ancestry]
  1848 | D:9      | Reached XP level 9. HP: 39/63 MP: 9/9
  1882 | D:9      | Found Losatac's Book Boutique.
  1954 | D:9      | Noticed a wyvern
  1968 | D:9      | Killed a wyvern
  1996 | D:10     | Entered Level 10 of the Dungeon
  2057 | D:10     | Reached skill level 12 in Axes
  2099 | D:11     | Noticed a centaur zombie
  2110 | D:11     | Killed a centaur zombie
  2163 | D:11     | Reached *** piety under Trog
  2207 | D:10     | Noticed Nergalle
  2215 | D:10     | Killed Nergalle
  2215 | D:10     | Reached skill level 5 in Fighting
  2288 | D:11     | Gained mutation: You have hoof-like feet. [demonic ancestry]
  2288 | D:11     | Reached XP level 10. HP: 59/74 MP: 10/10
  2383 | D:11     | Reached skill level 5 in Armour
  2405 | D:11     | Found a staircase to the Orcish Mines.
  2415 | Orc:1    | Entered Level 1 of the Orcish Mines
  2504 | Orc:1    | Found a roughly hewn altar of Beogh.
  2634 | Orc:2    | Reached **** piety under Trog
  2790 | Orc:2    | Noticed Yermak's ghost (journeyman OpAs)
  2808 | Orc:2    | Killed Yermak's ghost
  2808 | Orc:2    | Reached skill level 13 in Axes
  2864 | Orc:4    | Entered Level 4 of the Orcish Mines
  2945 | Orc:3    | Reached ***** piety under Trog
  3145 | Orc:4    | Noticed an orc knight
  3164 | Orc:4    | Noticed an orc knight
  3166 | Orc:4    | Killed an orc knight
  3167 | Orc:4    | Noticed an orc knight
  3198 | Orc:4    | Killed an orc knight
  3198 | Orc:4    | Received a gift from Trog
  3201 | Orc:4    | Killed an orc knight
  3201 | Orc:4    | Gained mutation: You have very sharp fingernails. [demonic ancestry]
  3201 | Orc:4    | Reached XP level 11. HP: 74/81 MP: 11/11
  3205 | Orc:4    | Noticed an orc knight
  3208 | Orc:4    | Shot with a bolt by an orc knight

Vault maps used:
D:1:      erik_arrival_cave_to_civilisation
D:2:      nicolae_overflow_crystal_walls, lemuel_crystal_altar, first_bread,
          fedhas_altar_1
D:3:      nicolae_overflow_hidden_temple, ecumenical_altar_2
D:4:      serial_shops, kennysheep_mini, patterned_corridor
D:5:      tso_metal_star, kennysheep_boxes, uniq_sigmund
D:6:      minmay_temple_entry_statues_pillars, uniq_grinder
D:8:      kennysheep_little_box, basic_altar, serial_shops,
          nicolae_shop_waterfront, nicolae_shop_statue_plus, shop
D:9:      makhleb_altar_promises_db, dpeg_lair_monsters, serial_glass,
          glass_columns_a, glass_columns_c, feat_on_display, serial_shops,
          nicolae_shop_temple_entry_statues_fountains
D:10:     uniq_maurice, uniq_nergalle
D:11:     lemuel_upstairs_altar, erik_orc_2, serial_shops, kennysheep_mini_moat,
          shop, hangedman_ranch
Orc:1:    basic_altar
Orc:2:    mines4_lemuel
Orc:3:    serial_shops, nicolae_orc_pool_cavern, trog_book, uniq_urug
Orc:4:    st_orc_town

Action                   |  1- 3 |  4- 6 |  7- 9 | 10-12 || total
-------------------------+-------+-------+-------+-------++-------
Melee: Hand axe          |    72 |    60 |       |       ||   132
       War axe           |       |    13 |   152 |   209 ||   374
       Whip              |       |       |    38 |       ||    38
Invok: Berserk           |     2 |     1 |     3 |     4 ||    10
       Trog's Hand       |       |     2 |     6 |     1 ||     9
       Brothers in Arms  |       |       |       |     2 ||     2
Evoke: Wand              |       |       |     2 |     2 ||     4
  Use: Scroll            |       |       |     4 |     1 ||     5
       Potion            |       |       |       |     1 ||     1
  Eat: Beef jerky        |     1 |       |       |       ||     1
       Chunk             |       |     3 |     9 |     8 ||    20
